[Event "Titled Tuesday Blitz August 15 Late 2023"]
[White "Nanu, Costica-Ciprian"]
[Black "Haydon, David L"]
[WhiteFideId "1204580"]
[BlackFideId "415405"]
[WhiteElo "2545"]
[BlackElo "2748"]
[Result "1/2-1/2"]
[Round "6"]
[TimeControl "180+1"]
[Date "2023.08.15"]
[WhiteClock "0:01:39"]
[BlackClock "0:00:31"]
[Board "32"]

1. Nf3 c6 2. b3 d5 3. Bb2 Nf6 4. g3 Bf5 5. Bg2 e6 6. O-O Bd6 7. Re1 O-O 8. d3 Nbd7 9. Nbd2 Bg6 10. Nh4 Qc7 11. Nxg6 hxg6 12. e4 dxe4 13. Nxe4 Nxe4 14. Rxe4 Rfe8 15. Qd2 Nf6 16. Rh4 Be5 17. d4 Bd6 18. Re1 e5 19. dxe5 Bxe5 20. Bxe5 Rxe5 21. Rd4 Rxe1+ 22. Qxe1 Re8 23. Qd2 Qe7 24. Bf3 Qe5 25. Kg2 g5 26. h3 g6 27. a4 Kg7 28. a5 a6 29. Rd3 Qf5 30. Qb4 Rh8 31. Bg4 Nxg4 32. hxg4 Rh2+ 33. Kxh2 Qxf2+ 34. Kh3 Qf1+ 35. Kh2 Qf2+ 36. Kh3 Qf1+ 37. Kh2 Qf2+ 1/2-1/2


[Site "https://www.chess.com"]

[Event "Titled Tuesday Blitz August 15 Late 2023"]
[White "Poltorak, Sebastian"]
[Black "Fernandez Guillen, Ernesto J."]
[WhiteFideId "1199498"]
[BlackFideId "3512428"]
[WhiteElo "2543"]
[BlackElo "2744"]
[Result "1-0"]
[Round "6"]
[TimeControl "180+1"]
[Date "2023.08.15"]
[WhiteClock "0:00:57"]
[BlackClock "0:01:09"]
[Board "33"]

1. d4 Nf6 2. c4 g6 3. Nc3 d5 4. cxd5 Nxd5 5. Bd2 Nxc3 6. Bxc3 Bg7 7. e4 O-O 8. Be2 b6 9. h4 Bb7 10. d5 e5 11. Nf3 Nd7 12. Qd2 c6 13. h5 Re8 14. Rd1 cxd5 15. exd5 a6 16. Ng5 Rc8 17. Nxh7 Kxh7 18. hxg6+ Kxg6 19. Bh5+ Kf6 20. Qf4+ Ke7 21. d6+ 1-0


[Site "https://www.chess.com"]

[Event "Titled Tuesday Blitz August 15 Late 2023"]
[White "Ghazarian, Kirk"]
[Black "Dragomirescu, Robin-Alexandru"]
[WhiteFideId "30908604"]
[BlackFideId "1213849"]
[WhiteElo "2742"]
[BlackElo "2543"]
[Result "1-0"]
[Round "6"]
[TimeControl "180+1"]
[Date "2023.08.15"]
[WhiteClock "0:00:35"]
[BlackClock "0:00:02"]
[Board "34"]

1. e4 g6 2. d4 Nf6 3. e5 Nh5 4. f4 d6 5. Be2 dxe5 6. fxe5 c5 7. d5 e6 8. dxe6 Qxd1+ 9. Bxd1 Bxe6 10. Bxh5 gxh5 11. Nf3 Nc6 12. Bf4 O-O-O 13. Na3 Rg8 14. O-O Rg4 15. g3 Nd4 16. Nxd4 cxd4 17. Nb5 Bc4 18. Nd6+ Bxd6 19. exd6 Bxf1 20. Rxf1 Kd7 21. Rd1 Rc8 22. Rxd4 Rxc2 23. Re4 Rxf4 24. Rxf4 Rxb2 25. Rxf7+ Kxd6 26. Rxh7 a5 27. a4 Rb4 28. Kg2 b6 29. Rh6+ Kc7 30. Rxh5 Rxa4 31. h4 Rg4 32. Rh7+ Kb8 33. h5 a4 34. h6 a3 35. Rg7 a2 36. h7 1-0


[Site "https://www.chess.com"]

[Event "Titled Tuesday Blitz August 15 Late 2023"]
[White "Matinian, Nikita"]
[Black "RrainlessBobot"]
[WhiteFideId "24129100"]
[WhiteElo "2725"]
[BlackElo "2542"]
[Result "0-1"]
[Round "6"]
[TimeControl "180+1"]
[Date "2023.08.15"]
[WhiteClock "0:00:01"]
[BlackClock "0:00:07"]
[Board "35"]

1. e4 g6 2. d4 Bg7 3. Nc3 c5 4. d5 d6 5. Bb5+ Bd7 6. a4 Nf6 7. Nf3 O-O 8. h3 Bxb5 9. axb5 Nbd7 10. O-O a6 11. bxa6 Rxa6 12. Rxa6 bxa6 13. Re1 Qb6 14. b3 Rb8 15. Na4 Qb5 16. Nb2 Ne8 17. Nc4 Nb6 18. Nxb6 Qxb6 19. e5 Qc7 20. e6 f5 21. h4 c4 22. h5 cxb3 23. cxb3 Qc3 24. hxg6 hxg6 25. Re3 Qa1 26. Qc2 Bf6 27. g4 Rb4 28. g5 Rg4+ 29. Kh2 Bd4 30. Qc8 Kf8 31. Re2 Be5+ 32. Nxe5 dxe5 33. Rc2 Rh4+ 34. Kg3 Rg4+ 35. Kh3 Qa5 36. b4 Qb5 37. Kh2 Rh4+ 38. Kg2 Rg4+ 39. Kh2 Kg7 40. Bd2 Qf1 41. Qxe8 Qg2# 0-1


[Site "https://www.chess.com"]

[Event "Titled Tuesday Blitz August 15 Late 2023"]
[White "Papp, Levente"]
[Black "Martin Barcelo, Carles"]
[WhiteFideId "751243"]
[BlackFideId "24561444"]
[WhiteElo "2679"]
[BlackElo "2535"]
[Result "1-0"]
[Round "6"]
[TimeControl "180+1"]
[Date "2023.08.15"]
[WhiteClock "0:01:01"]
[BlackClock "0:00:01"]
[Board "36"]

1. e4 e6 2. d4 d5 3. Nd2 dxe4 4. Nxe4 Nd7 5. Nf3 Ngf6 6. Nxf6+ Nxf6 7. Bd3 c5 8. Be3 Qa5+ 9. c3 cxd4 10. Bxd4 Be7 11. Qc2 h6 12. O-O O-O 13. Rfe1 Qc7 14. Ne5 b6 15. Re3 Bb7 16. Rg3 Bd6 17. Re1 Nh5 18. Rh3 Nf6 19. Ree3 Rad8 20. Rxh6 gxh6 21. Rg3+ Kh8 22. Qd2 Ng4 23. Nxf7+ Kg8 24. Nxh6# 1-0


[Site "https://www.chess.com"]

[Event "Titled Tuesday Blitz August 15 Late 2023"]
[White "Rastbod, Ali"]
[Black "Nathan, Nitish"]
[WhiteFideId "12567477"]
[BlackFideId "30927870"]
[WhiteElo "2672"]
[BlackElo "2483"]
[Result "1-0"]
[Round "6"]
[TimeControl "180+1"]
[Date "2023.08.15"]
[WhiteClock "0:00:12"]
[BlackClock "0:00:49"]
[Board "37"]

1. Nf3 d5 2. g3 Bf5 3. c4 c6 4. cxd5 cxd5 5. Qb3 Qc7 6. Nc3 e6 7. d3 Nc6 8. Bf4 Qb6 9. Qxb6 axb6 10. Nb5 Kd7 11. Bg2 Nf6 12. O-O h6 13. Rfc1 Be7 14. Ne5+ Nxe5 15. Rc7+ Ke8 16. Bxe5 Rg8 17. Rxb7 Rc8 18. Nd6+ Bxd6 19. Bxd6 Nd7 20. e4 dxe4 21. dxe4 Bg6 22. e5 f6 23. exf6 gxf6 24. Re1 Kd8 25. h4 Re8 26. Rd1 Rg8 27. Bf4 Be8 28. Bxh6 Rc2 29. Rxb6 Bh5 30. Rb8+ Ke7 31. Rxd7+ Kxd7 32. Rxg8 Rxb2 33. Be3 Rxa2 34. g4 Bf7 35. Rb8 Ra4 36. f3 e5 37. Rb7+ Ke8 38. Rb8+ Kd7 39. Rb7+ Ke8 40. g5 fxg5 41. Bxg5 Bg6 42. Re7+ Kf8 43. Rxe5 Ra1+ 44. Kh2 Ra2 45. Kg3 Kg7 46. Bh3 Ra7 47. Bg4 Bf7 48. h5 Ra1 49. h6+ Kh7 50. Bf5+ Kg8 51. Bf6 Rg1+ 52. Kh2 Rg6 53. Bxg6 Bxg6 54. Re7 Bf7 55. Kg3 Bg6 56. Rg7+ Kh8 57. Rxg6+ Kh7 58. Rg4 Kxh6 59. Bh4 Kh5 60. f4 Kh6 61. f5 Kh5 62. f6 Kh6 63. f7 Kh5 64. Rg5+ Kh6 65. f8=Q+ Kh7 66. Qg7# 1-0


[Site "https://www.chess.com"]

[Event "Titled Tuesday Blitz August 15 Late 2023"]
[White "Veiga, Jose Francisco R P Neves"]
[Black "Klinova, Masha"]
[WhiteFideId "1930087"]
[BlackFideId "2802015"]
[WhiteElo "2664"]
[BlackElo "2433"]
[Result "1-0"]
[Round "6"]
[TimeControl "180+1"]
[Date "2023.08.15"]
[WhiteClock "0:01:26"]
[BlackClock "0:00:27"]
[Board "38"]

1. c4 f5 2. g3 Nf6 3. Bg2 g6 4. d4 Bg7 5. Nf3 d6 6. O-O O-O 7. Nc3 c6 8. Qc2 Na6 9. a3 Nd7 10. e4 e5 11. Bg5 Qe8 12. exf5 e4 13. Nxe4 gxf5 14. Nxd6 Qe6 15. Bf4 Nb6 16. Rfe1 Qg6 17. Nxc8 Raxc8 18. Ne5 Bxe5 19. Bxe5 Nc7 20. Bxc7 Rxc7 21. Re5 Nd7 22. Re7 Qf6 23. Rae1 Rf7 24. Rxf7 Kxf7 25. d5 Ne5 26. Qc3 Ng4 27. Qxf6+ Nxf6 28. dxc6 bxc6 29. Re5 f4 30. gxf4 c5 31. Bd5+ Kg6 32. Rg5+ Kh6 33. h4 Nh5 34. f5 a5 35. Kh2 Rg7 36. Rxg7 Kxg7 37. Bf3 Nf4 38. Kg3 Nd3 39. b3 Kf6 40. Be4 Nc1 41. Bc2 Ne2+ 42. Kg4 Nd4 43. Bd1 Nxf5 44. Bc2 Nd4 45. Bxh7 Nxb3 46. h5 Nd4 47. Bd3 Nc6 48. f4 Ne7 49. Kf3 Ng8 50. Ke4 Ke6 51. Be2 Nf6+ 52. Ke3 Kf5 53. Bd3+ Kg4 54. h6 1-0


[Site "https://www.chess.com"]

[Event "Titled Tuesday Blitz August 15 Late 2023"]
[White "Goltsev, Dmitry"]
[Black "dodoucb"]
[WhiteFideId "24176710"]
[WhiteElo "2653"]
[BlackElo "2425"]
[Result "0-1"]
[Round "6"]
[TimeControl "180+1"]
[Date "2023.08.15"]
[WhiteClock "0:00:17"]
[BlackClock "0:00:20"]
[Board "39"]

1. d4 Nf6 2. c4 e6 3. g3 Bb4+ 4. Bd2 Bxd2+ 5. Nxd2 O-O 6. Bg2 Qe7 7. a3 d6 8. Qc2 e5 9. d5 a5 10. e4 Ne8 11. Ne2 f5 12. O-O f4 13. f3 Na6 14. Qc3 a4 15. b4 axb3 16. Nxb3 b6 17. gxf4 exf4 18. Ned4 Bd7 19. Kh1 Rf6 20. Rg1 Rh6 21. Nf5 Bxf5 22. exf5 Qh4 23. h3 Qg3 24. Ra2 Nf6 25. Bf1 Qh4 26. Nd4 Nh5 27. Rg4 Ng3+ 28. Kg1 Qf6 29. Rc2 Nc5 30. Ne6 Nxf5 31. Qxf6 Rxf6 32. Rc3 Nxe6 33. dxe6 Ne3 34. Rh4 Re8 35. Bd3 g6 36. Be4 Rexe6 37. a4 Re5 38. Rc1 Kg7 39. Kf2 Rg5 40. Rxf4 Rxf4 41. Kxe3 Rh4 42. Rh1 Rc5 43. Kd4 Rf4 44. Re1 Rf7 45. Kc3 c6 46. Kd4 Ra7 47. Rb1 Rxa4 48. Rxb6 Raxc4+ 49. Ke3 Kf6 50. Rb7 Rc3+ 51. Kd2 d5 52. Bd3 Ra3 53. Rxh7 Ke5 54. Re7+ Kd4 55. Bc2 Ra2 56. Ke1 Rcxc2 57. Kf1 Rc1+ 58. Re1 Rxe1+ 59. Kxe1 Ke3 60. Kd1 Rh2 61. h4 Rxh4 62. Kc2 Rh2+ 63. Kc3 Rf2 64. Kb4 Rxf3 65. Kc5 g5 66. Kd6 g4 67. Ke5 g3 68. Kd6 g2 69. Kc5 g1=Q 70. Kd6 d4 71. Ke5 d3 72. Kd6 d2 73. Kc5 d1=Q 74. Kb6 Qb1+ 75. Kc7 c5 76. Kc6 c4 77. Kd5 c3 78. Ke5 Rf5+ 79. Ke6 Qg6+ 80. Kd7 Rf7+ 81. Kd8 Qg8# 0-1


[Site "https://www.chess.com"]

[Event "Titled Tuesday Blitz August 15 Late 2023"]
[White "Kochiev, Ivan"]
[Black "Svane, Rasmus"]
[WhiteFideId "2917890"]
[BlackFideId "4657101"]
[WhiteElo "2571"]
[BlackElo "2951"]
[Result "1-0"]
[Round "6"]
[TimeControl "180+1"]
[Date "2023.08.15"]
[WhiteClock "0:00:13"]
[BlackClock "0:00:20"]
[Board "40"]

1. e4 c6 2. d4 d5 3. Nc3 dxe4 4. Nxe4 Nf6 5. Nxf6+ exf6 6. c3 Bd6 7. Bd3 O-O 8. Ne2 Re8 9. O-O Nd7 10. Ng3 Nf8 11. f4 c5 12. d5 g6 13. Ne4 Bf5 14. Nxd6 Qxd6 15. Bxf5 gxf5 16. c4 Re4 17. b3 Rae8 18. Qh5 b5 19. Qxf5 bxc4 20. bxc4 Rxc4 21. Bb2 Re2 22. Qg4+ Ng6 23. Qxe2 Rb4 24. Bc3 Rb8 25. Rae1 f5 26. Qh5 Qxd5 27. Qh6 f6 28. Re7 Nxe7 29. Qxf6 Rb2 30. Qg7# 1-0


[Site "https://www.chess.com"]

[Event "Titled Tuesday Blitz August 15 Late 2023"]
[White "Zierk, Steven"]
[Black "Vovk, Orest"]
[WhiteFideId "2034255"]
[BlackFideId "14113490"]
[WhiteElo "2853"]
[BlackElo "2570"]
[Result "1-0"]
[Round "6"]
[TimeControl "180+1"]
[Date "2023.08.15"]
[WhiteClock "0:01:27"]
[BlackClock "0:00:10"]
[Board "41"]

1. e4 g6 2. d4 Nf6 3. e5 Nh5 4. Be2 d6 5. Nf3 Bg4 6. h3 Bxf3 7. Bxf3 Nc6 8. O-O dxe5 9. dxe5 Qxd1 10. Rxd1 Nxe5 11. Bxb7 Rb8 12. Ba6 Bg7 13. Nc3 c6 14. a4 O-O 15. f4 Rfd8 16. Rxd8+ Rxd8 17. fxe5 Bxe5 18. Be3 Rb8 19. Nd1 Ng3 20. Bd3 a5 21. Ra3 Bxb2 22. Nxb2 Rxb2 23. Rb3 Ra2 24. Bh6 Ra1+ 25. Kh2 1-0


[Site "https://www.chess.com"]

[Event "Titled Tuesday Blitz August 15 Late 2023"]
[White "Kuzmicz, Krystian"]
[Black "Grossboss19"]
[WhiteFideId "1119125"]
[WhiteElo "2796"]
[BlackElo "2556"]
[Result "1-0"]
[Round "6"]
[TimeControl "180+1"]
[Date "2023.08.15"]
[WhiteClock "0:00:13"]
[BlackClock "0:00:00"]
[Board "42"]

1. e4 c6 2. d4 d5 3. f3 e6 4. Be3 Nf6 5. e5 Nfd7 6. f4 c5 7. c3 Nc6 8. Nf3 Qb6 9. Qd2 f6 10. Bd3 Be7 11. O-O O-O 12. Na3 cxd4 13. cxd4 Nb4 14. Bb1 Qa6 15. Nc2 Nxc2 16. Qxc2 f5 17. g4 Nb6 18. gxf5 exf5 19. Qf2 Be6 20. Kh1 Kh8 21. Rg1 Rac8 22. Ng5 Bxg5 23. Rxg5 Qa4 24. b3 Qb5 25. Rg1 a5 26. Qd2 Qc6 27. Bd3 Qc3 28. Rac1 Qxd2 29. Bxd2 a4 30. Ba5 Nd7 31. bxa4 Ra8 32. Bb4 Rfc8 33. a5 Nb8 34. Rxc8+ Bxc8 35. Rc1 Nc6 36. Bd2 Nxd4 37. Rc7 Ne6 38. Re7 Kg8 39. Bxf5 Kf8 40. Rxe6 Bxe6 41. Bxe6 d4 42. Bd5 Rc8 43. Bxb7 Rc2 44. a6 Rxa2 45. Bb4+ Ke8 46. Kg1 d3 47. Kf1 Kd8 48. Ke1 h5 49. f5 h4 50. f6 gxf6 51. exf6 1-0


[Site "https://www.chess.com"]

[Event "Titled Tuesday Blitz August 15 Late 2023"]
[White "Rustemov, Alexander"]
[Black "Shapiro, Viktor"]
[WhiteFideId "4119002"]
[BlackFideId "4175700"]
[WhiteElo "2768"]
[BlackElo "2552"]
[Result "0-1"]
[Round "6"]
[TimeControl "180+1"]
[Date "2023.08.15"]
[WhiteClock "0:00:31"]
[BlackClock "0:00:17"]
[Board "43"]

1. d4 Nf6 2. c4 e6 3. Nf3 c5 4. d5 exd5 5. cxd5 d6 6. Nc3 g6 7. h3 Bg7 8. e4 O-O 9. Bd3 Re8 10. O-O a6 11. a4 Nh5 12. Bg5 Bf6 13. Be3 Nd7 14. Be2 Bg7 15. Nd2 Nhf6 16. Qc2 Rb8 17. a5 b5 18. axb6 Nxb6 19. Bxa6 Bxa6 20. Rxa6 Qd7 21. Rfa1 Rb7 22. Qd3 Reb8 23. R1a2 h6 24. f4 Re8 25. Qb5 Nbxd5 26. Qxd7 Rxd7 27. exd5 Rxe3 28. Nc4 Re1+ 29. Kf2 Rc1 30. Rxd6 Rxc3 31. bxc3 Ne4+ 32. Kf3 Nxd6 33. Ne5 Bxe5 34. fxe5 Nc4 35. Ke4 Re7 36. Ra8+ Kg7 37. Rc8 Nd6+ 38. Kd3 Nxc8 39. Kc4 Rxe5 40. Kxc5 Kf6 41. c4 Ke7 42. Kc6 f5 43. Kc7 Nd6 44. c5 Rxd5 45. c6 Rc5 46. g4 fxg4 47. hxg4 h5 48. gxh5 gxh5 49. Kb6 Rc1 50. c7 h4 51. Ka7 Rxc7+ 52. Kb8 Rc2 53. Ka8 h3 54. Ka7 h2 55. Kb8 h1=Q 56. Ka7 Qb7# 0-1


[Site "https://www.chess.com"]

[Event "Titled Tuesday Blitz August 15 Late 2023"]
[White "Badmatsyrenov, Oleg"]
[Black "Soderstrom, Adrian"]
[WhiteFideId "24115762"]
[BlackFideId "1745786"]
[WhiteElo "2754"]
[BlackElo "2543"]
[Result "0-1"]
[Round "6"]
[TimeControl "180+1"]
[Date "2023.08.15"]
[WhiteClock "0:00:03"]
[BlackClock "0:00:25"]
[Board "44"]

1. e4 g6 2. d4 Nf6 3. Nc3 d5 4. e5 Ne4 5. Nxe4 dxe4 6. Bc4 c5 7. d5 Bg7 8. f4 O-O 9. Be3 b5 10. Be2 Na6 11. c4 Bb7 12. cxb5 Nb4 13. Bc4 Bxd5 14. Bxd5 Qxd5 15. Qxd5 Nxd5 16. Kf2 Nb4 17. Ne2 Nd3+ 18. Kg3 Rab8 19. a4 Rfc8 20. b3 g5 21. fxg5 Bxe5+ 22. Kg4 Bxa1 23. Rxa1 Rd8 24. Kf5 Nb4 25. Kxe4 Nc2 26. Rc1 Nxe3 27. Kxe3 Rd5 28. h4 Rbd8 29. Nf4 Re5+ 30. Kf3 Rd4 31. g3 Rde4 32. Rc3 Re1 33. b4 c4 34. Rxc4 f5 35. gxf6 exf6 36. Rc3 Kf7 37. Kg4 R1e4 38. Rb3 h5+ 39. Kf3 Rd4 40. Nd3 Ree4 41. a5 Re6 42. Nc5 Red6 43. a6 Rb6 44. Rc3 Rxb4 45. Ne4 R4xb5 46. Rc7+ Kg6 47. Rxa7 Ra5 48. Kf4 Rf5+ 49. Ke3 Ra5 50. Rb7 Raxa6 51. Rc7 Rb3+ 52. Kf4 Raa3 53. Re7 Rf3# 0-1


[Site "https://www.chess.com"]

[Event "Titled Tuesday Blitz August 15 Late 2023"]
[White "Kupervaser, Erez"]
[Black "Morefield, Jason"]
[WhiteFideId "2814587"]
[BlackFideId "30920825"]
[WhiteElo "2532"]
[BlackElo "2743"]
[Result "0-1"]
[Round "6"]
[TimeControl "180+1"]
[Date "2023.08.15"]
[WhiteClock "0:00:27"]
[BlackClock "0:00:35"]
[Board "45"]

1. e4 c5 2. Nf3 e6 3. d4 cxd4 4. Nxd4 a6 5. Nc3 b5 6. g3 Bb7 7. Bg2 Bc5 8. O-O Qb6 9. Nb3 Be7 10. Qg4 h5 11. Qe2 h4 12. a4 b4 13. a5 Qc7 14. Na4 hxg3 15. hxg3 Nc6 16. Bf4 Ne5 17. c3 g5 18. Bxe5 Qxe5 19. Nb6 Rd8 20. cxb4 Nf6 21. Rac1 g4 22. Nc5 Qh5 23. Rfd1 Bc6 24. Nxa6 Nxe4 25. Bxe4 Qh1+ 0-1


[Site "https://www.chess.com"]

[Event "Titled Tuesday Blitz August 15 Late 2023"]
[White "Jaracz, Pawel"]
[Black "Yurtseven, Melih"]
[WhiteFideId "1102222"]
[BlackFideId "6312160"]
[WhiteElo "2728"]
[BlackElo "2530"]
[Result "1/2-1/2"]
[Round "6"]
[TimeControl "180+1"]
[Date "2023.08.15"]
[WhiteClock "0:00:07"]
[BlackClock "0:00:13"]
[Board "46"]

1. e4 e5 2. Nf3 Nc6 3. Bb5 a6 4. Bxc6 dxc6 5. O-O f6 6. d4 exd4 7. Nxd4 c5 8. Ne2 Qxd1 9. Rxd1 Bd7 10. Nbc3 O-O-O 11. Bf4 Ne7 12. Bg3 h5 13. h3 h4 14. Bh2 g5 15. f3 Bg7 16. e5 f5 17. f4 g4 18. Kf1 g3 19. Bg1 b6 20. a3 Bc6 21. b4 cxb4 22. axb4 Bb7 23. Nd4 Rh6 24. Nce2 Rf8 25. c4 Bh8 26. b5 a5 27. c5 Be4 28. Rac1 Kb7 29. Nc3 Ng6 30. Be3 Nxe5 31. fxe5 f4 32. Nxe4 fxe3+ 33. Ke2 Bxe5 34. Nf3 Bh8 35. Rd7 Rc8 36. cxb6 Rxb6 37. Nc5+ Ka8 38. Na6 c6 39. Rxc6 Rbxc6 40. bxc6 Rxc6 41. Rd8+ Kb7 42. Rxh8 Rxa6 43. Rxh4 a4 44. Rb4+ Kc6 45. Rb1 a3 46. Kxe3 a2 47. Ra1 Kc5 48. h4 Kb4 49. Ne1 Kc3 50. Kf4 Kb2 51. Rxa2+ Kxa2 52. Nf3 Kb3 53. h5 Kc4 54. Kxg3 Kd5 55. Kf4 Ke6 56. g4 Kf7 57. g5 Kg7 58. Ne5 Ra1 59. Kg4 Rg1+ 60. Kf5 Rf1+ 61. Ke6 Re1 62. h6+ Kh7 63. Kf5 Rf1+ 64. Ke6 Re1 65. Kf6 Rf1+ 66. Ke6 Re1 1/2-1/2


[Site "https://www.chess.com"]

[Event "Titled Tuesday Blitz August 15 Late 2023"]
[White "Grebeniuk, Semen"]
[Black "Lamaze, Simon"]
[WhiteFideId "14117509"]
[BlackFideId "36069264"]
[WhiteElo "2525"]
[BlackElo "2722"]
[Result "0-1"]
[Round "6"]
[TimeControl "180+1"]
[Date "2023.08.15"]
[WhiteClock "0:00:55"]
[BlackClock "0:01:16"]
[Board "47"]

1. d4 d5 2. c4 e6 3. Nf3 Nf6 4. cxd5 exd5 5. Nc3 c6 6. Bg5 Be7 7. e3 O-O 8. Qc2 Nbd7 9. Bd3 h6 10. Bh4 Ne8 11. Bg3 Bd6 12. O-O-O Ndf6 13. Kb1 Be6 14. Rc1 Rc8 15. Ne2 b6 16. Nf4 Bg4 17. h3 Bd7 18. Ne2 c5 19. dxc5 bxc5 20. Bxd6 Nxd6 21. Ng3 Qb6 22. Ne5 Be6 23. Bf5 Nxf5 24. Nxf5 Rfe8 25. g4 d4 26. Nc4 Bxc4 27. Qxc4 Ne4 28. exd4 Nd2+ 0-1


[Site "https://www.chess.com"]

[Event "Titled Tuesday Blitz August 15 Late 2023"]
[White "Aydin, Gulenay"]
[Black "Hua, Lefong"]
[WhiteFideId "34557431"]
[BlackFideId "2602253"]
[WhiteElo "2522"]
[BlackElo "2705"]
[Result "0-1"]
[Round "6"]
[TimeControl "180+1"]
[Date "2023.08.15"]
[WhiteClock "0:00:00"]
[BlackClock "0:01:50"]
[Board "48"]

1. e4 c5 2. Nf3 g6 3. c3 Nc6 4. d4 d5 5. e5 cxd4 6. cxd4 Bg4 7. Bb5 Qb6 8. Nc3 e6 9. Bxc6+ Qxc6 10. O-O Bg7 11. h3 Bxf3 12. Qxf3 Ne7 13. Bg5 Nf5 14. Rfd1 h6 15. Bf4 O-O 16. g4 Nh4 17. Qe3 g5 18. Bg3 Ng6 19. Qd3 Rac8 20. Rac1 Qc4 21. Qd2 Qa6 22. b3 Rc6 23. Na4 Rfc8 24. Rc5 b6 25. Rxc6 Rxc6 26. Nc3 Qa5 27. Rc1 f6 28. exf6 Bxf6 29. Qd3 Kf7 30. Ne2 Rxc1+ 31. Nxc1 Qe1+ 32. Qf1 Qxf1+ 33. Kxf1 Bxd4 34. Bb8 a6 35. Ne2 Be5 36. Ba7 Bc7 37. Nd4 Ne5 38. Nc2 Nc6 0-1


[Site "https://www.chess.com"]

[Event "Titled Tuesday Blitz August 15 Late 2023"]
[White "Papasimakopoulos, Alexandros"]
[Black "Mickiewicz, Piotr"]
[WhiteFideId "4244125"]
[BlackFideId "1114891"]
[WhiteElo "2702"]
[BlackElo "2521"]
[Result "1-0"]
[Round "6"]
[TimeControl "180+1"]
[Date "2023.08.15"]
[WhiteClock "0:00:05"]
[BlackClock "0:00:00"]
[Board "49"]

1. d4 Nf6 2. c4 c5 3. d5 b5 4. Nf3 d6 5. cxb5 a6 6. e3 g6 7. Nc3 Bg7 8. a4 O-O 9. Ra3 Bb7 10. bxa6 Nxa6 11. Bc4 Nc7 12. O-O e6 13. e4 Nxe4 14. Nxe4 exd5 15. Nxc5 dxc5 16. Be2 d4 17. a5 Qd5 18. Bf4 Na6 19. b3 Nb4 20. Bc4 Qf5 21. Bd6 Rfd8 22. Bc7 Rd7 23. Bg3 Bxf3 24. Qxf3 Qxf3 25. gxf3 d3 26. Rd1 Re8 27. a6 Bb2 28. Ra5 d2 29. a7 Re1+ 30. Kg2 Rxa7 31. Rxa7 Rxd1 32. Rd7 Bd4 33. Rxf7 Rg1+ 34. Kxg1 d1=Q+ 35. Kg2 Kh8 36. Bf4 Qc2 37. Bg5 Qxf2+ 38. Kh3 Bg7 39. Bh4 Qd2 40. Ra7 h6 41. Ra8+ Kh7 42. Ra7 Qf4 43. Bg3 Qf5+ 44. Kg2 Nd3 45. Ra6 Nf4+ 46. Kf2 Nd3+ 47. Ke3 Ne5 48. Be2 c4 49. bxc4 Nxc4+ 50. Bxc4 Qc2 51. Bd3 Qc5+ 52. Ke2 Qe7+ 53. Kf1 Qe3 54. Bxg6+ Kg8 55. Ra8+ Bf8 56. Be4 Qc1+ 57. Kg2 Qd2+ 58. Kh3 Qd7+ 59. Kg2 Qd2+ 60. Bf2 Qg5+ 61. Kf1 1-0


[Site "https://www.chess.com"]

[Event "Titled Tuesday Blitz August 15 Late 2023"]
[White "Avila Rodriguez, Joshua Ad"]
[Black "Volovich, Vasily"]
[WhiteFideId "5126444"]
[BlackFideId "34169676"]
[WhiteElo "2518"]
[BlackElo "2700"]
[Result "0-1"]
[Round "6"]
[TimeControl "180+1"]
[Date "2023.08.15"]
[WhiteClock "0:00:13"]
[BlackClock "0:00:12"]
[Board "50"]

1. e4 e6 2. d4 d5 3. e5 c5 4. c3 Nc6 5. Nf3 Bd7 6. Be2 f6 7. O-O fxe5 8. dxe5 Qc7 9. Re1 O-O-O 10. Bf1 h6 11. c4 d4 12. Nbd2 g5 13. Ne4 g4 14. Nh4 Nxe5 15. Bf4 Nf3+ 16. gxf3 Qxf4 17. Ng6 Qf5 18. Nxf8 Qxf8 19. fxg4 Nf6 20. Bg2 Rg8 21. h3 Nxe4 22. Rxe4 h5 23. Re5 hxg4 24. hxg4 Qd6 25. Rh5 Bc6 26. Qe2 Bxg2 27. Kxg2 b6 28. Qe4 Kc7 29. Rh7+ Rd7 30. Rah1 d3 31. Rxd7+ Qxd7 32. Rh7 Rxg4+ 33. Qxg4 Qxh7 34. Qg3+ Kb7 35. Qd6 Qe4+ 36. Kf1 Qh1# 0-1


[Site "https://www.chess.com"]

[Event "Titled Tuesday Blitz August 15 Late 2023"]
[White "Morgunov, Marc"]
[Black "Djordjevic, Vuk"]
[WhiteFideId "1640305"]
[BlackFideId "902098"]
[WhiteElo "2514"]
[BlackElo "2697"]
[Result "0-1"]
[Round "6"]
[TimeControl "180+1"]
[Date "2023.08.15"]
[WhiteClock "0:00:05"]
[BlackClock "0:00:04"]
[Board "51"]

1. e4 e6 2. d4 d5 3. Nc3 Bb4 4. e5 c5 5. a3 Bxc3+ 6. bxc3 Ne7 7. Qg4 Qa5 8. Bd2 Nf5 9. Bd3 h5 10. Qg5 Qd8 11. Qf4 Nc6 12. Nf3 c4 13. Bxf5 exf5 14. h4 Be6 15. Qg3 g6 16. O-O Qa5 17. a4 O-O-O 18. Rfb1 a6 19. Ra3 Kc7 20. Ng5 Rhe8 21. Nxf7 Bxf7 22. e6+ Kc8 23. exf7 Rf8 24. Qxg6 Qc7 25. Qxf5+ Qd7 26. Qxd7+ Rxd7 27. Re1 Rdxf7 28. f3 Kd7 29. Raa1 b5 30. axb5 axb5 31. Bg5 Rb8 32. Kf2 b4 33. cxb4 Rxb4 34. Reb1 Kd6 35. Rxb4 Nxb4 36. c3 Nd3+ 37. Ke3 Rb7 38. Ra6+ Kd7 39. Bf4 Rb1 40. Bg3 Rb2 41. Rd6+ Ke7 42. Rxd5 Rxg2 43. Be5 Rc2 44. f4 Rxc3 45. Ke4 Rc1 46. f5 Re1+ 47. Kf3 Rf1+ 48. Ke4 Nf2+ 49. Kf3 Ng4+ 50. Ke4 Re1+ 51. Kf4 Rf1+ 52. Kg5 Ne3 53. f6+ Ke8 54. Ra5 c3 55. Ra8+ Kd7 56. Ra7+ Ke6 57. Re7+ Kd5 58. f7 c2 59. Rc7 Nc4 60. Rxc4 Kxc4 61. Bf4 Rxf4 62. Kxf4 c1=Q+ 63. Ke5 Qf1 64. Ke6 Qf4 65. Ke7 Qe4+ 66. Kd7 Qf5+ 67. Ke7 Qe4+ 68. Kd7 Qxd4+ 69. Ke7 Qxh4+ 70. Ke8 Qe4+ 71. Kd7 Qf5+ 72. Ke7 Qxf7+ 73. Kxf7 h4 0-1


[Site "https://www.chess.com"]

[Event "Titled Tuesday Blitz August 15 Late 2023"]
[White "Arutla, Aditya"]
[Black "Korchmar, Vasiliy"]
[WhiteFideId "30961998"]
[BlackFideId "24131750"]
[WhiteElo "2511"]
[BlackElo "2688"]
[Result "0-1"]
[Round "6"]
[TimeControl "180+1"]
[Date "2023.08.15"]
[WhiteClock "0:00:26"]
[BlackClock "0:01:20"]
[Board "52"]

1. d4 d5 2. Bf4 Nf6 3. e3 c5 4. Nf3 Nc6 5. Nbd2 cxd4 6. exd4 Qb6 7. Nb3 Bg4 8. c3 e6 9. a4 Bxf3 10. gxf3 a6 11. a5 Qd8 12. Bd3 Bd6 13. Bxd6 Qxd6 14. Nc5 O-O 15. Nxb7 Qf4 16. Qd2 Qxf3 17. Rg1 Ne4 18. Qe3 Qxe3+ 19. fxe3 Rfb8 20. Bxe4 Rxb7 21. Bd3 Rxb2 22. Rb1 Rxb1+ 23. Bxb1 Nxa5 24. Kd2 Nc4+ 25. Ke2 Rb8 26. Bd3 Rb2+ 27. Kf3 Rxh2 28. Bxc4 dxc4 29. Ra1 Rc2 30. Rxa6 h5 31. Ra3 g6 32. e4 Kg7 33. d5 exd5 34. exd5 Rd2 35. Ke4 h4 36. Ke5 h3 37. Kd6 g5 38. Ra1 g4 39. Rg1 f5 40. Ke5 Kg6 41. d6 h2 42. Rh1 g3 43. Kf4 g2 44. Rxh2 g1=Q 45. Rxd2 Qg5+ 0-1


[Site "https://www.chess.com"]

[Event "Titled Tuesday Blitz August 15 Late 2023"]
[White "Dourerassou, Jonathan"]
[Black "Peycheva, Gergana"]
[WhiteFideId "628050"]
[BlackFideId "2916711"]
[WhiteElo "2675"]
[BlackElo "2510"]
[Result "1/2-1/2"]
[Round "6"]
[TimeControl "180+1"]
[Date "2023.08.15"]
[WhiteClock "0:00:29"]
[BlackClock "0:00:06"]
[Board "53"]

1. d4 d5 2. Nf3 Nf6 3. Bf4 e6 4. e3 Bd6 5. Bg3 O-O 6. Nbd2 c5 7. c3 Qc7 8. Bd3 Nbd7 9. Qe2 Bxg3 10. hxg3 e5 11. dxe5 Nxe5 12. Nxe5 Qxe5 13. Nf3 Qc7 14. O-O-O h6 15. Bc2 Bg4 16. Rh4 Rfe8 17. Qd3 Bh5 18. Rxh5 Nxh5 19. Qh7+ Kf8 20. Nh4 Qe5 21. Nf5 g6 22. Rxd5 Qf6 23. Rd6 Re6 24. Rxe6 fxe6 25. Qxh6+ Kg8 26. Nh4 Qxf2 27. Qxg6+ Ng7 28. Qh7+ Kf7 29. Qg6+ Kg8 30. Qh7+ Kf7 31. Bg6+ Kf6 32. Qh6 Qe1+ 33. Kc2 Qe2+ 34. Kb3 Qb5+ 35. Ka3 Qa5+ 36. Kb3 Qb5+ 37. Kc2 Qe2+ 38. Kc1 Qe1+ 39. Kc2 Qe2+ 1/2-1/2


[Site "https://www.chess.com"]